 Dungeon Crawl Stone Soup version 0.29.1-12-g30fa7ad0bf (webtiles) character file.

Game seed: 7919482706289023560

1115 FizzleBangTC the Digger (level 8, -1/73 HPs)
             Began as a Meteoran Earth Elementalist on Dec 23, 2022.
             Shot with an arrow by a centaur (13 damage)
             ... on level 6 of the Dungeon.
             The game lasted 00:15:26 (700 turns).

FizzleBangTC the Digger (MeEE)                       Turns: 700, Time: 00:15:27

Health: -1/73      AC:  2    Str: 10    XL:     8   Next: 91%
Magic:  12/18      EV: 13    Int: 18    God:
Gold:   192        SH:  0    Dex: 19    Spells: 13/19 levels left

rFire   + . .      SeeInvis .   m - +7 dagger of Cosacuas {speed, rF+ Dex+4}
rCold   . . .      Faith    .   (no shield)
rNeg    . . .      Spirit   .   a - +0 robe
rPois   .          Reflect  .   (no helmet)
rElec   .          Harm     .   (no cloak)
rCorr   .          Rampage  .   (no gloves)
Will    +....                   (no boots)
Stlth   +.........              (no amulet)
HPRegen 0.22/turn               (no ring)
MPRegen 0.16/turn               (no ring)

@: glowing
A: sense surroundings 1, otherworldly, glowing, explore regen
a: no special abilities


You were on level 6 of the Dungeon.
You visited 1 branch of the dungeon, and saw 9 of its levels.

You collected 192 gold pieces.

Inventory:

Hand Weapons
 i - a +2 dagger of speed
 m - the +7 dagger of Cosacuas (weapon) {speed, rF+ Dex+4}
   (You found it on level 3 of the Dungeon)

   Attacks with this weapon are significantly faster.
   Dex:       It affects your dexterity (+4).
   rF:        It protects you from fire.
Armour
 a - a +0 robe (worn)
Scrolls
 d - 2 scrolls of teleportation
 e - 2 scrolls of identify {unknown}
 f - 2 scrolls of fear {unknown}
 g - a scroll of noise {@w1}
 k - a scroll of enchant armour {unknown}
 l - a scroll of immolation {unknown}
 o - a scroll of enchant weapon
Potions
 b - 3 potions of curing {@q1}
 c - a potion of cancellation {unknown}
 h - a potion of degeneration {unknown}
 j - a potion of berserk rage {unknown}
 n - a potion of magic
 p - a potion of mutation {unknown}
 q - a potion of brilliance {unknown}


   Skills:
 + Level 7.0 Fighting
 - Level 2.4 Dodging
 - Level 1.4 Stealth
 - Level 6.0 Spellcasting
 - Level 2.0 Conjurations
 - Level 1.2 Transmutations
 - Level 7.0 Earth Magic


You had 13 spell levels left.
You knew the following spells:

 Your Spells              Type           Power      Damage    Failure   Level
a - Sandblast             Erth           60%        2d14      1%          1
b - Stone Arrow           Conj/Erth      42%        3d9       5%          3
z - Passwall              Tmut/Erth      16%        N/A       3%          2

Your spell library contained the following spells:

 Spells                   Type           Power      Damage    Failure   Level
 Petrify                  Tmut/Erth      20%        N/A       22%         4


Dungeon Overview and Level Annotations

Branches:
Dungeon (9/15) Zot: 4668
 Temple: D:4-7         Lair: D:8-11         Orc: D:9-12

Altars:


Innate Abilities, Weirdness & Mutations

You passively map a small area around you.
You are easily found by Zot.
You glow in the dark.
You regain HP and MP as you explore.


Message History

Here: Maggie, wielding a +1 halberd of flaming, wearing +0 swamp dragon scales and carrying a wand of mindburst (6)
The floor.
Unknown command.
Aiming: Stone Arrow (dangerous; 5% risk of failure)
Press: ? - help, Shift-Dir - straight line, f - Maggie
Aim: Maggie, wielding a +1 halberd of flaming, wearing +0 swamp dragon scales and carrying a wand of mindburst (6) (75% to hit)
The stone arrow misses Maggie.
The kobold brigand throws a poisoned dart.
The poisoned dart hits you!
You are poisoned.
Maggie zaps a wand.
Your mind is blasted!
Aiming: Stone Arrow (dangerous; 5% risk of failure)
Press: ? - help, Shift-Dir - straight line, f/p - Maggie
Aim: Maggie, wielding a +1 halberd of flaming, wearing +0 swamp dragon scales and carrying a wand of mindburst (5) (75% to hit)
The stone arrow misses Maggie.
You feel very sick.
Aiming: Stone Arrow (dangerous; 5% risk of failure)
Press: ? - help, Shift-Dir - straight line, f/p - Maggie
Aim: Maggie, wielding a +1 halberd of flaming, wearing +0 swamp dragon scales and carrying a wand of mindburst (5) (75% to hit)
The stone arrow hits Maggie!
Maggie is lightly wounded.
You feel sick.
The kobold brigand throws a poisoned dart.
The poisoned dart hits you.
You are more poisoned.
Maggie points at you and mumbles some strange words.
The bolt of fire misses you.
Aiming: Stone Arrow (dangerous; 5% risk of failure)
Press: ? - help, Shift-Dir - straight line, f/p - Maggie
Aim: Maggie, wielding a +1 halberd of flaming, wearing +0 swamp dragon scales and carrying a wand of mindburst (5) (lightly wounded, 75% to hit)
The stone arrow hits Maggie!
Maggie is heavily wounded.
You feel very sick. Maggie gestures at you while chanting.
The bolt of fire hits you! You resist.
Aiming: Stone Arrow (dangerous; 5% risk of failure)
Press: ? - help, Shift-Dir - straight line, f/p - Maggie
Aim: Maggie, wielding a +1 halberd of flaming, wearing +0 swamp dragon scales and carrying a wand of mindburst (5) (heavily wounded, 75% to hit)
The stone arrow hits Maggie!
Maggie is severely wounded.
You feel sick.
The kobold brigand throws a poisoned dart.
The poisoned dart hits you!
You are more poisoned.
Maggie barely misses you.
Aiming: Stone Arrow (dangerous; 5% risk of failure)
Press: ? - help, Shift-Dir - straight line, f/p - Maggie
Aim: Maggie, wielding a +1 halberd of flaming, wearing +0 swamp dragon scales and carrying a wand of mindburst (5) (severely wounded, 75% to hit)
The stone arrow hits Maggie!
Maggie is severely wounded.
You feel very sick.
The kobold brigand throws a poisoned dart.
The poisoned dart hits you!
You are more poisoned.
Maggie barely misses you. Magic courses through your body.
You feel very sick.
The kobold brigand throws a poisoned dart.
The poisoned dart hits you!
You are more poisoned.
The kobold throws a stone.
The stone closely misses you.
Maggie zaps a wand.
Your mind is blasted!
Aiming: Stone Arrow (dangerous; 5% risk of failure)
Press: ? - help, Shift-Dir - straight line, f/p - Maggie
Aim: Maggie, wielding a +1 halberd of flaming, wearing +0 swamp dragon scales and carrying a wand of mindburst (4) (severely wounded, 75% to hit)
The stone arrow hits Maggie.
Maggie is almost dead.
You feel very sick.
Maggie mumbles some strange words.
Maggie attempts to bespell you!
You are mesmerised by Maggie!
Aiming: Stone Arrow (dangerous; 5% risk of failure)
Press: ? - help, Shift-Dir - straight line, f/p - Maggie
Aim: Maggie, wielding a +1 halberd of flaming, wearing +0 swamp dragon scales and carrying a wand of mindburst (4) (almost dead, mesmerising, 75% to hit)
The stone arrow hits Maggie!
You break out of your daze!
You kill Maggie!
* * * LOW HITPOINT WARNING * * *
You feel very sick.
The centaur wields a +0 shortbow.
The centaur shoots an arrow.
The arrow hits you!
* * * LOW HITPOINT WARNING * * *
Training target 6.0 for Fighting reached!
Your Fighting skill increases to level 6!
You need to enable at least one skill for training.
Your Fighting skill increases to level 7!
Okay, then.
Unknown command.
Unknown command.
Unknown command.
Unknown command.
Unknown command.
Unknown command.
It was a potion of curing.
You feel better.
The centaur shoots an arrow.
The arrow hits you.
* * * LOW HITPOINT WARNING * * *
The kobold hits you with a +0 dagger.
* * * LOW HITPOINT WARNING * * *
The centaur shoots an arrow.
The arrow hits you!
You die...

.#..# , , #.#<# ##..# ,
,.####.## #...# .#..#
........ , ,##### .#..#
#.*#...... , , , ##..#
##. #...... , , * .#..#
#..##... c######* * * ,,,
.#..#####......# ).....#
, *
##.K##......KK.##......#*
* , .#KK#
.......KKK@....... ,,
.#..#..###....K##......#
*
.#.##..###..............,
##.....K......#######.##
##K.#.K###.##.## * .#
##..#..#.......# #
.#..K..#.......# * .#
#[K.#[......#
####.K.#.......#


You could see a kobold brigand, a centaur and 5 kobolds.

Vanquished Creatures
  Maggie (D:6)
  Menkaure (D:6)
  Duvessa (D:6)
  A water moccasin (D:6)
  A phantom (D:6)
  2 necrophages
  2 scorpions (D:6)
  Dowan (D:7)
  An orc priest (D:4)
  An orc wizard (D:6)
  A gnoll (D:4)
  2 adders
  A white imp (D:6)
  A dart slug (D:1)
  7 orcs
  8 bats
  3 endoplasms
  A giant cockroach (D:1)
  2 hobgoblins (D:1)
  3 jackals (D:2)
  A quokka (D:1)
  2 frilled lizards
  2 goblins
  4 kobolds
  A rat (D:1)
51 creatures vanquished.

Notes
Turn   | Place    | Note
-------+----------+-------------------------------------------
     0 | D:1      | FizzleBangTC the Meteoran Earth Elementalist began the
                  | quest for the Orb.
     0 | D:1      | Reached XP level 1. HP: 14/14 MP: 5/5
   119 | D:1      | Reached XP level 2. HP: 20/20 MP: 4/6
   122 | D:1      | Learned a level 2 spell: Passwall
   201 | D:2      | Reached XP level 3. HP: 22/26 MP: 4/8
   202 | D:2      | Reached skill level 5 in Earth Magic
   312 | D:3      | Reached XP level 4. HP: 33/33 MP: 5/9
   317 | D:3      | Learned a level 3 spell: Stone Arrow
   327 | D:3      | Identified the +7 dagger of Cosacuas {speed, rF+ Dex+4}
   411 | D:4      | Reached skill level 1 in Conjurations
   448 | D:4      | Reached XP level 5. HP: 38/38 MP: 8/10
   450 | D:5      | Entered Level 5 of the Dungeon
   479 | D:6      | Noticed a necrophage
   481 | D:6      | Killed a necrophage
   484 | D:6      | Reached XP level 6. HP: 44/45 MP: 4/11
   527 | D:6      | Noticed Menkaure
   533 | D:6      | Killed Menkaure
   534 | D:6      | Reached skill level 5 in Spellcasting
   534 | D:6      | Reached XP level 7. HP: 20/50 MP: 1/16
   551 | D:6      | Noticed a water moccasin
   553 | D:6      | Killed a water moccasin
   585 | D:6      | Reached XP level 8. HP: 63/63 MP: 2/18
   604 | D:6      | Noticed Duvessa
   606 | D:6      | Noticed Dowan
   626 | D:6      | Killed Duvessa
   631 | D:7      | Killed Dowan
   644 | D:7      | Reached skill level 5 in Fighting
   690 | D:6      | Noticed Maggie
   699 | D:6      | Killed Maggie
   699 | D:6      | HP: 7/69 [centaur/arrow (10)]
   700 | D:6      | Shot with an arrow by a centaur

Illustrated notes

Levels and vault maps discovered:
D:1:      roderic_crossed_star, layout_basic, nrook_campfire, nicolae_titane
D:2:      layout_rooms
D:3:      layout_basic, uniq_terence
D:4:      layout_layer_cave
D:5:      layout_rooms, mainiacjoe_overflow_concentric_impassable,
          nicolae_elevator_lobby_asterisk
D:6:      minmay_razor_zed, layout_basic, gammafunk_temple_overflow_pools,
          minmay_temple_entry_drinking_statues, uniq_maggie, uniq_duvessa,
          uniq_grinder, uniq_menkaure
D:7:      layout_basic
D:8:      layout_rooms, serial_shops, nicolae_lakefront_shop
D:9:      layout_loops_corners, uniq_psyche

Skill      XL: |  1  2  3  4  5  6  7  8 |
---------------+-------------------------+-----
Earth Magic    | 4 5 7 |  7.0
Conjurations   | 1 2 |  2.0
Spellcasting   | 3 5 6 |  6.0
Fighting       | 3 7 |  7.0
Dodging        | |  2.4
Stealth        | |  1.4
Transmutations | |  1.2

Action                   |  1- 3 |  4- 6 |  7- 9 || total
-------------------------+-------+-------+-------++-------
 Cast: Sandblast         |    32 |    10 |    21 ||    63
       Passwall          |     4 |     9 |     8 ||    21
       Stone Arrow       |       |     6 |    15 ||    21
  Use: Potion            |     1 |       |     2 ||     3
       Scroll            |       |     3 |       ||     3
Armor: Robe              |    12 |     1 |     3 ||    16
Dodge: Dodged            |     9 |     5 |    21 ||    35

Table legend: (Time is in decaauts)
 A = Elapsed time spent in this place.
 B = Non-inter-level travel time spent in this place.
 C = Inter-level travel time spent in this place.
 D = Time resting spent in this place.
 E = Time spent auto-exploring this place.
 F = Levels seen in this place.
 G = Mean time per level.
                   A        B        C        D        E       F      G
               +--------+--------+--------+--------+--------+-----+--------+
         Total |    731 |    731 |      0 |      0 |      0 |   9 |   81.2 |
       Dungeon |    731 |    731 |      0 |      0 |      0 |   9 |   81.2 |
               +--------+--------+--------+--------+--------+-----+--------+

Top non-repeatable levels by time:
     D:1: 228 daAuts
     D:6: 191 daAuts
     D:3: 102 daAuts
     D:4: 71 daAuts
     D:2: 64 daAuts
     D:7: 46 daAuts
     D:5: 15 daAuts
     D:8: 10 daAuts
     D:9: 1 daAuts

Table legend:
 A = Kills in this place as a percentage of kills in entire the game.
 B = Kills by you in this place as a percentage of kills by you in the entire game.
 C = Kills by friends in this place as a percentage of kills by friends in the entire game.
 D = Other kills in this place as a percentage of other kills in the entire game.
 E = Experience gained in this place as a percentage of experience gained in the entire game.
 F = Experience gained in this place divided by the number of levels of this place that you have seen.
                   A       B       C       D       E      F
               +-------+-------+-------+-------+-------+----------------------
         Total | 100.0 | 100.0 |   N/A |   N/A | 100.0 | 177.1
       Dungeon | 100.0 | 100.0 |   N/A |   N/A | 100.0 | 177.1
               +-------+-------+-------+-------+-------+----------------------
